 Dungeon Crawl Stone Soup version 0.24.1-14-gf8d2b509d9 (webtiles) character file.

Game seed: 7696457670389176054, levelgen mode: deterministic

5005 Peloso the Carver (level 10, 0/77 HPs)
             Began as a Demonspawn Fighter on May 30, 2020.
             Slain by a slime creature (14 damage)
             ... on level 8 of the Dungeon.
             The game lasted 00:17:54 (8157 turns).

Peloso the Carver (Demonspawn Fighter)              Turns: 8157, Time: 00:17:55

Health: 0/77       AC: 20    Str: 20    XL:     10   Next: 29%
Magic:  10/10      EV:  6    Int:  9    God:
Gold:   440        SH: 11    Dex: 18    Spells: 9/9 levels left

rFire    . . .     SeeInvis .   a - +0 long sword
rCold    . . .     Gourm    +   c - +0 shield
rNeg     . . .     Faith    .   m - +0 plate armour
rPois    .         Spirit   .   i - +0 helmet
rElec    .         Reflect  .   l - +0 cloak
rCorr    +         Harm     .   x - +2 pair of gloves of Gravitas {Dex+5}
MR       .....                  (no boots)
Stlth    ..........             H - amulet of the gourmand
HPRegen  0.22/turn              g - +2 ring of protection
MPRegen  0.12/turn              E - ring of resist corrosion

@: no status effects
A: talons 2, powered by death 3
a: no special abilities


You were on level 8 of the Dungeon.
You were not hungry.

You visited 2 branches of the dungeon, and saw 10 of its levels.

You collected 440 gold pieces.

Inventory:

Hand Weapons
 a - a +0 long sword (weapon)
 b - a +0 hand axe of flaming
Armour
 c - a +0 shield (worn)
 i - a +0 helmet (worn)
 l - a +0 cloak (worn)
 m - a +0 plate armour (worn)
 x - the +2 pair of gloves of Gravitas (worn) {Dex+5}
   (You found it on level 5 of the Dungeon)

   It affects your dexterity (+5).
Jewellery
 g - a +2 ring of protection (left hand)
 j - an uncursed ring of magical power
 E - a ring of resist corrosion (right hand)
 H - an amulet of the gourmand (around neck)
Wands
 p - a wand of iceblast (8)
 y - a wand of enslavement (9)
Scrolls
 d - a scroll of acquirement {unknown}
 e - 6 scrolls of remove curse
 h - 5 scrolls of enchant armour {unknown}
 n - 4 scrolls of magic mapping {unknown}
 q - a scroll of immolation {unknown}
 t - 4 scrolls of teleportation {unknown}
 u - a scroll of enchant weapon {unknown}
 v - 2 scrolls of fear {unknown}
 w - 7 scrolls of identify {unknown}
 C - 2 scrolls of amnesia {unknown}
 F - a scroll of fog {unknown}
Potions
 k - a potion of ambrosia {unknown}
 o - a potion of degeneration {unknown}
 r - a potion of lignification {unknown}
 s - a potion of brilliance {unknown}
 z - a potion of mutation {unknown}
 A - a potion of cancellation {unknown}
 D - a potion of agility {unknown}
Miscellaneous
 G - a box of beasts
Comestibles
 f - 9 rations


   Skills:
 + Level 6.4 Fighting
 + Level 8.6 Long Blades
 + Level 6.6 Armour
 + Level 1.9 Dodging
 + Level 0.6 Stealth
 + Level 8.0 Shields


You had 9 spell levels left.
You didn't know any spells.
Your spell library contained the following spells:

 Spells                   Type           Power        Failure   Level  Hunger
 Animate Skeleton         Necr           N/A          100%        1    ##.....
 Apportation              Tloc           #.....       100%        1    ##.....
 Confusing Touch          Hex            #.....       100%        1    ##.....
 Freeze                   Ice            #...         100%        1    ##.....
 Summon Small Mammal      Summ           #...         100%        1    ##.....
 Throw Frost              Conj/Ice       #.....       100%        2    ###....
 Ozocubu's Armour         Chrm/Ice       #.......     100%        3    ####...
 Summon Ice Beast         Ice/Summ       #.......     100%        4    #####..
 Throw Icicle             Conj/Ice       #.......     100%        4    #####..


Dungeon Overview and Level Annotations

Branches:
Dungeon (9/15)             Temple (1/1) D:7
   Lair: D:8-11         Orc: D:9-12

Altars:
Ashenzari
Cheibriados
Dithmenos
Elyvilon
Fedhas
Gozag
Hepliaklqana
Kikubaaqudgha
Makhleb
Nemelex Xobeh
Qazlal
Ru
Sif Muna
Trog
Uskayaw
Vehumet
Xom
Yredelemnul
Zin
The Shining One

Shops:
D:8 %

Annotations:
D:8 1 runed translucent door, kitty14015's ghost, novice DsGl


Innate Abilities, Weirdness & Mutations

You have razor-sharp toenails.
You regenerate a lot of health from kills.


Message History

The slime creature is moderately wounded.
The slime creature hits you!
* * * LOW HITPOINT WARNING * * *
You slash the slime creature! You claw the slime creature.
The slime creature is heavily wounded.
The slime creature hits you.
* * * LOW HITPOINT WARNING * * *
You slash the slime creature! You claw the slime creature.
The slime creature is severely wounded.
The slime creature hits you!
* * * LOW HITPOINT WARNING * * *
You hit the slime creature.
You claw the slime creature, but do no damage.
The slime creature is severely wounded.
You block the slime creature's attack.
Your shield and plate armour prevent you from hitting the slime creature.
The slime creature is severely wounded.
You block the slime creature's attack.
You feel better. The slime creature hits you!
You die...

#.........# #.#######.#
#####.#### #.################
#........## #.##.............#
#.#.......# #.#..######..###<#
#.#...##..###....#### #..# #.#
#...................###..###.#
###.............J##..........#
#...#########(@........##..#
#...# #.########)##..# ###.#
#.# #.....# #.# ##'## ####.##
#.# ##...## #.# #.# ##.....##
###.# ##.## ##(......## ##.#.#
####...####.........####....##
..........'.........)<.......#


You could see a slime creature.

Vanquished Creatures
  Pikel (D:7)
  2 hippogriffs
  2 slime creatures
  5 wraiths
  A wyvern (D:8)
  A sky beast (D:6)
  4 ice beasts
  4 slaves (D:6)
  An eye of draining (D:8)
  A necrophage (D:8)
  A phantom (D:9)
  4 ogres
  3 black bears
  A big kobold (D:6)
  3 bullfrogs
  2 scorpions
  5 killer bees (D:6)
  A howler monkey (D:6)
  3 bullfrog zombies
  A centaur zombie (D:7)
  4 crimson imps
  2 jellies
  A hound (D:4)
  An orc priest (D:8)
  6 orc wizards
  A bullfrog skeleton (D:5)
  Jessica (D:2)
  An iguana (D:4)
  6 worker ants
  Robin (D:3)
  6 adders
  A howler monkey skeleton (D:6)
  3 shadow imps
  An adder skeleton (D:5)
  An adder zombie (D:5)
  2 worms
  A dart slug (D:1)
  3 leopard geckos
  24 orcs
  6 bats
  7 giant cockroaches
  22 goblins
  7 hobgoblins
  9 jackals
  4 quokkas
  2 ball pythons
  A ball python zombie (D:5)
  5 frilled lizards
  A jackal skeleton (D:4)
  13 kobolds
  A quokka skeleton (D:4)
  A quokka zombie (D:7)
  11 rats
202 creatures vanquished.

Notes
Turn   | Place    | Note
-------+----------+-------------------------------------------
     0 | D:1      | Peloso the Demonspawn Fighter began the quest for the Orb.
     0 | D:1      | Reached XP level 1. HP: 18/18 MP: 1/1
   307 | D:1      | Gained mutation: You regenerate a little health from kills.
                  | [demonic ancestry]
   307 | D:1      | Reached XP level 2. HP: 24/24 MP: 2/2
   987 | D:2      | Found a blossoming altar of Fedhas.
  1003 | D:2      | Gained mutation: You regenerate health from kills. [demonic
                  | ancestry]
  1003 | D:2      | Reached XP level 3. HP: 12/29 MP: 3/3
  1187 | D:2      | Found a shattered altar of Ashenzari.
  1227 | D:2      | Noticed Jessica
  1241 | D:2      | Killed Jessica
  1241 | D:2      | Reached XP level 4. HP: 33/35 MP: 4/4
  1248 | D:2      | You fall into a shaft and drop 2 floors!
  1345 | D:4      | Reached skill level 1 in Dodging
  1459 | D:3      | Gained mutation: You have sharp toenails. [demonic
                  | ancestry]
  1459 | D:3      | Reached XP level 5. HP: 37/41 MP: 5/5
  1580 | D:3      | Noticed Robin
  1607 | D:3      | Killed Robin
  2301 | D:3      | Found a stormy altar of Qazlal.
  2400 | D:2      | Found a basalt altar of Yredelemnul.
  3093 | D:4      | Gained mutation: You regenerate a lot of health from kills.
                  | [demonic ancestry]
  3093 | D:4      | Reached XP level 6. HP: 44/47 MP: 6/6
  3176 | D:4      | Noticed a moth of wrath
  3179 | D:4      | Found a bloodstained altar of Trog.
  3657 | D:5      | Entered Level 5 of the Dungeon
  3815 | D:5      | Reached XP level 7. HP: 24/54 MP: 7/7
  3950 | D:5      | Got a pair of ichor-stained gloves
  3956 | D:5      | Identified the +2 pair of gloves of Gravitas {Dex+5} (You
                  | found it on level 5 of the Dungeon)
  4510 | D:6      | Reached skill level 5 in Long Blades
  4528 | D:6      | Reached skill level 5 in Shields
  4653 | D:6      | Reached XP level 8. HP: 61/61 MP: 8/8
  5281 | D:6      | Reached skill level 5 in Fighting
  5744 | D:7      | Noticed Pikel
  5785 | D:7      | Killed Pikel
  5785 | D:7      | Reached skill level 5 in Armour
  5785 | D:7      | Reached XP level 9. HP: 8/68 MP: 9/9
  6222 | D:7      | Found the +5 scythe "Finisher" {speed, eviscerate}
  6377 | D:7      | Found a shimmering blue altar of Sif Muna.
  6389 | D:7      | Found a white marble altar of Elyvilon.
  6392 | D:7      | Found a burning altar of Makhleb.
  6578 | D:7      | Found a staircase to the Ecumenical Temple.
  6741 | Temple   | Entered the Ecumenical Temple
  7189 | D:8      | Found a hide-covered altar of Uskayaw.
  7218 | D:8      | Found a runed translucent door.
  7218 | D:8      | Found a shimmering altar of Xom.
  7218 | D:8      | Noticed kitty14015's ghost (novice DsGl)
  7218 | D:8      | Noticed a +2 scimitar of chaos
  7397 | D:8      | Found Linweepi's Food Shop.
  7408 | D:8      | Gained mutation: You have razor-sharp toenails. [demonic
                  | ancestry]
  7408 | D:8      | Reached XP level 10. HP: 74/76 MP: 10/10
  7696 | D:8      | Found a sparkling altar of Nemelex Xobeh.
  8157 | D:8      | Slain by a slime creature

Levels and vault maps discovered:
D:1:      dpeg_arrival_round_c, layout_loops_corners
D:2:      layout_basic, nicolae_ashenzari_panopticon, fedhas_altar_1,
          yredelemnul_altar_generic, uniq_jessica
D:3:      layout_rooms, nicolae_qazlal_eye_of_the_storm,
          minmay_misc_feat_ornament, dk_noncrumbling_3, minivault_5,
          chequers_mini_garden, kennysheep_generic_room_12, uniq_robin
D:4:      layout_basic, tgw_trog, first_ration
D:5:      layout_basic
D:6:      layout_rooms
D:7:      layout_basic, grunt_temple_overflow_open,
          minmay_temple_entry_stoned_glass, minmay_guarded_unrand_finisher,
          uniq_pikel
D:8:      layout_loops_corners, nicolae_overflow_crystal_walls,
          kennysheep_mini_moat, ebering_ghost_xom, serial_shops,
          nicolae_shop_waterfront
D:9:      layout_loops_ring, lemuel_coloured_pillars_altar,
          overflow_temple_1_default, uniq_maurice
Temple:   chequers_temple_sunken

Skill      XL: |  1  2  3  4  5  6  7  8  9 10 |
---------------+-------------------------------+-----
Long Blades    | 2 3 4 5 6 8 |  8.6
Shields        | 3 4 5 6 7 8 |  8.0
Armour         | 3 4 5 6 |  6.6
Dodging        | 1 |  1.9
Fighting       | 4 5 6 |  6.4
Stealth        | |  0.6

Action                   |  1- 3 |  4- 6 |  7- 9 | 10-12 || total
-------------------------+-------+-------+-------+-------++-------
Melee: Long sword        |   102 |   306 |   494 |   125 ||  1027
       Kick              |       |    78 |   206 |    65 ||   349
  Use: Potion            |     2 |       |     2 |     1 ||     5
       Scroll            |       |       |     1 |       ||     1
  Eat: Chunk             |     1 |     9 |     5 |     7 ||    22
       Ration            |       |       |     2 |       ||     2
Armor: Scale mail        |    44 |    38 |       |       ||    82
       Plate armour      |       |   193 |   371 |    59 ||   623
Dodge: Dodged            |    26 |    54 |    86 |    25 ||   191
Block: Shield            |    64 |   173 |   295 |    63 ||   595
       Rpst.: Long sword |     7 |    19 |    27 |     4 ||    57
